Unix NetHack Version 5.0.0-0 post-release - last build May 31 2026 23:59:36 (970b52f25bf058293b47ddfd14a1e40e571c508c,branch:main).

Game began 2026-06-04 18:53:33, ended 2026-06-04 19:17:00.

DaveT, lawful male human Priest

                  #########                           -----         ----------
                  #-------#                           |...|        #-........|
 ------------     #|.....|#                           -...|        #|........|
 |..........|     #|.....|##                          |.>^|        #|........|
 |..........|    ##|.....|#      -------------        |...|      ###|...*....|
 |...<......|   ## |.....|#      |*.........*.########....|      #  ----------
 |..........|   #  |..^..|#      |.....*.....|        -----  #####
 |..........-######|`.....#      |...-----...|               #
 ------------     #-------#######C...|.{.....|               #
                  #############"#|@.C|{.{|*..|               #
                                #|...|.{ |...|               #
                                #|...-----...|               #
                                #|.....*.....|        ------ #
                                #|*.........*|        |...[.##
                                #-------------     ###-....|
                                ####################  |....|
                                                      ------

DaveT the Adept              St:14 Dx:10 Co:16 In:12 Wi:14 Ch:10  Lawful
Dlvl:5  $:1605 HP:0(50) Pw:72(82) AC:3  Xp:7 T:4069  Burdened

Latest messages:
 The hill orc picks up a scale mail.
 What do you want to wield? [- asyDFKX or ?*] a
 a - a blessed +5 mace (weapon in right hand).
 The hill orc hits!
 You hit the hill orc!
 The hill orc misses!
 You hit the hill orc!
 You kill the hill orc!
 There are several objects here.
 There is a hill orc corpse here; eat it? [ynq] (n) y
 This hill orc corpse is fatty.
 You stop eating the hill orc corpse.
 You hit the hill orc!
 The hill orc swings his curved sword.
 The hill orc hits!
 The hill orc swings his curved sword.
 The hill orc hits!
 You kill the hill orc!
 You have a little trouble lifting Q - a scroll labeled PHOL ENDE WODAN.
 There are several objects here.
 There is a partly eaten hill orc corpse here; eat it? [ynq] (n) y
 You resume your meal.
 The hill orc picks up a curved sword.
 You stop eating the hill orc corpse.
 You hit the hill orc!
 The hill orc wields a curved sword!
 You hit the hill orc!
 The hill orc swings her curved sword.
 The hill orc hits!
 In what direction? .
 You feel better.
 The hill orc swings her curved sword.
 The hill orc just misses!
 You kill the hill orc!
 The plains centaur picks up a curved sword.
 In what direction? .
 You feel better.
 The plains centaur wields a curved sword!
 You hit the plains centaur!
 The plains centaur swings her curved sword.
 The plains centaur hits!
 The plains centaur kicks!
 The plains centaur swings her curved sword.
 The plains centaur hits!
 The plains centaur kicks!
 The plains centaur swings her curved sword.
 The plains centaur hits!
 You die...
 Do you want your possessions identified? [ynq] (y) y
 Do you want to see your attributes? [ynq] (y) q

Inventory:
 Coins    ('$')
  $ - 1605 gold pieces
 Weapons  (')')
  y - 6 +0 arrows (in quiver)
  s - a +2 dart
  F - 7 +1 darts
  K - 8 +0 shuriken
  X - a +0 orcish dagger
  a - a blessed +5 mace (weapon in right hand)
 Armor    ('[')
  k - a +0 orcish helm (being worn)
  Y - a +0 pair of elven boots (being worn)
  E - a +0 shield of shock resistance (being worn)
  c - a +0 small shield
  b - a +0 robe (being worn)
  t - a blessed +0 T-shirt with text "LOST IN THOUGHT - please send search party" (being worn)
  T - a +0 leather armor (being worn)
 Comestibles  ('%')
  H - an apple
  e - a clove of garlic
  z - 2 cursed cream pies
  h - 3 food rations
  f - a sprig of wolfsbane
  o - a lichen corpse
 Scrolls  ('?')
  w - a cursed scroll of confuse monster
  Q - a scroll of enchant armor
  u - a cursed scroll of enchant weapon
  m - a scroll of light
  x - a scroll of teleportation
 Potions  ('!')
  C - a cursed potion of gain ability
  Z - a potion of healing
  j - a potion of speed
  d - 5 potions of holy water
  g - a potion of water
 Rings    ('=')
  L - a ring of free action (on left hand)
 Wands    ('/')
  n - a wand of magic missile (0:1)
 Tools    ('(')
  r - a blindfold
  M - a lock pick
  i - a magic marker (0:22)
  B - a mirror
  O - a mirror
  D - a +0 pick-axe
  S - a skeleton key
  v - a cursed tallow candle
 Gems/Stones  ('*')
  A - 2 black opals
  q - a cursed worthless piece of violet glass
  p - a worthless piece of yellow glass

DaveT the Priest's attributes:

Background:
 You were an Adept, a level 7 human Priest.
 You were lawful, on a mission for Athena
 who was opposed by Hermes (neutral) and Poseidon (chaotic).
 You were right-handed.
 You were in the Dungeons of Doom, on level 5.
 You entered the dungeon 4069 turns ago.
 You had 815 experience points, 465 more were needed to attain level 8.

Basics:
 You had 0 out of 50 hit points.
 You had 72 out of 82 energy points (spell power).
 Your armor class was 3.
 Your wallet contained 1605 zorkmids.
 Autopickup was off.

Final Characteristics:
 Your strength was 14 (limit:18/100).
 Your dexterity was 10 (limit:18).
 Your constitution was 16 (limit:18).
 Your intelligence was 12 (limit:18).
 Your wisdom was 14 (limit:18).
 Your charisma was 10 (limit:18).

Final Status:
 You weren't hungry.
 You were burdened; movement was slightly slowed.
 You were wielding a mace.
 You had basic skill with mace and could have enhanced that.

Final Attributes:
 You were piously aligned.
 You were shock resistant.
 Your items were protected from electric shocks.
 You were telepathic.
 You were stealthy.
 You were guarded.
 Your spell casting was enhanced by wearing a robe.
 You were fast.
 You had free action.
 You are dead.

Miscellaneous:
 You didn't encounter any bones levels.
 Total elapsed playing time was 23 minutes and 26 seconds.

Major events:
 Turn
    1: DaveT the lawful human Priest entered the dungeon
  618: attained the rank of Acolyte (level 3)
  733: entered the Gnomish Mines
 2376: attained the rank of Adept (level 6)
 3130: reached Mine Town
 4069: killed by a plains centaur

Spells:
 Name                 Level Category     Fail Retention
 healing                1   healing        0%  76%-100%
 clairvoyance           3   divination    99%  76%-100%
 confuse monster        1   enchantment    0%  76%-100%

Skills:
 Fighting Skills
   bare handed combat [Unskilled]
 Weapon Skills
   club               [Unskilled]
   mace               [Basic]
   morning star       [Unskilled]
   flail              [Unskilled]
   hammer             [Unskilled]
   quarterstaff       [Unskilled]
   polearms           [Unskilled]
   spear              [Unskilled]
   trident            [Unskilled]
   lance              [Unskilled]
   bow                [Unskilled]
   sling              [Unskilled]
   crossbow           [Unskilled]
   dart               [Unskilled]
   shuriken           [Unskilled]
   boomerang          [Unskilled]
   unicorn horn       [Unskilled]
 Spellcasting Skills
   healing spells     [Unskilled]
   divination spells  [Unskilled]
   clerical spells    [Basic]

Voluntary challenges:
 Character rerolling was not enabled.
 You never genocided any monsters.
 You never polymorphed an object.
 You never changed form.
 You used no wishes.
Achievements:
 You attained the rank of Acolyte.
 You entered the Gnomish Mines.
 You entered a shop.
 You attained the rank of Adept.
 You entered Minetown.

 The Dungeons of Doom: levels 1 to 6
    Level 1:
    Level 2:
       A fountain.
    Level 3:
       Stairs down to The Gnomish Mines.
    Level 4:
       A general store, a fountain.
    Level 5: <- You were here.
       Many fountains.
       Final resting place for
          you, killed by a plains centaur.
    Level 6:
 The Gnomish Mines: levels 4 to 6
    Level 4:
    Level 5:
    Level 6:


Vanquished creatures:
  a small mimic
  a dingo
  3 bugbears
  a wood nymph
  6 gnome leaders
  a golden naga hatchling
  2 gray oozes
  3 giant ants
  2 floating eyes
  2 kittens
  a dwarf
  a homunculus
  3 kobold shamans
  7 hill orcs
  5 rothes
  a giant bat
 an orc zombie
  a dwarf zombie
  4 iguanas
  2 coyotes
  a gas spore
  a large kobold
  2 hobgoblins
  6 cave spiders
  2 yellow molds
  a green mold
 17 gnomes
  5 jackals
  a fox
  a kobold
  2 goblins
  2 sewer rats
  9 grid bugs
  2 bats
  5 lichens
  a kobold zombie
  6 newts
112 creatures vanquished.

No species were genocided or became extinct.

Game over:
                       ----------
                      /          \
                     /    REST    \
                    /      IN      \
                   /     PEACE      \
                  /                  \
                  |      DaveT       |
                  |     1605 Au      |
                  |   killed by a    |
                  |  plains centaur  |
                  |                  |
                  |                  |
                  |       2026       |
                 *|     *  *  *      | *
        _________)/\\_//(\/(/\)/\//\/|_)_______

Goodbye DaveT the Priest...

You died in The Dungeons of Doom on dungeon level 5 with 5065 points,
and 1605 pieces of gold, after 4069 moves.
You were level 7 with a maximum of 50 hit points when you died.

